AoeStats
← YoSoyDroga

Arabia

509727755Analyzed
1v1 RM · 4d ago on Sep 27, 2026· 41m 10s· 2 players
Game mode
Random Map
Map size
Tiny (2 player)
Population
200
Speed
Normal
Resources
Standard
Victory
Conquest
Starting age
Dark Age
Ending age
Imperial Age
RankedLock teamsTeams togetherTeam positionsShared explorationLock speedFull tech treeHidden civsTurbo modeCheats
Victory
Defeat
🇺🇦 Franks · Ukraine
919
+14
🇲🇽 Maya · Mexico
879
-14
44
10:59 Feudal Age
11:35 Double-Bit Axe
17:15 Forging
21:00 Castle Age
19:51 Fletching
20:21 Gold Mining
20:22 Stone Mining
20:43 Padded Archer Armor
22:19 Husbandry
21:43 Elite Skirmisher
23:07 Bow Saw
24:36 Gold Shaft Mining
24:53 Wheelbarrow
24:31 Scale Barding Armor
25:43 Town Watch
26:15 Hand Cart
29:54 Iron Casting
29:06 Treadmill Crane
35:06 Imperial Age
32:24 Loom
33:04 Ballistics
32:48 Man-at-Arms
33:28 Squires
33:35 Long Swordsman
35:06 Gambesons
35:07 Arson
36:09 Conscription
37:22 Blast Furnace
37:06 Two-Handed Swordsman
37:15 Cavalier
37:59 Chivalry
38:26 Chain Barding Armor
39:04 Arrowslits
40:22 Chemistry
YoSoyDroga
10:25 Feudal Age
8:41 Loom
10:56 Double-Bit Axe
14:40 Fletching
16:14 Padded Archer Armor
16:34 Horse Collar
24:52 Castle Age
22:39 Town Watch
23:26 Scale Mail Armor
23:37 Forging
24:16 Forging
25:10 Pikeman
26:27 Leather Archer Armor
26:13 Bodkin Arrow
27:41 Wheelbarrow
26:53 Crossbowman
27:15 Eagle Warrior
34:08 Chain Mail Armor
34:28 Iron Casting
34:01 Gold Mining
34:40 Squires
39:24 Imperial Age
40:34 Conscription
40:23 Bracer
40:55 Plate Mail Armor
41:25 Blast Furnace
41:50 Chemistry
41:13 Ballistics
Connection lost

Rejoining the realm…

Still unreachable

The connection could not be restored.

Session expired

The server has moved on; the page needs a fresh start.